 Dungeon Crawl Stone Soup version 0.30-a0-859-gf88a04b62d (webtiles) character file.

Game seed: 154261958132567695

1558 cforsyth the Thaumaturge (level 8, -6/41 HPs)
             Began as a Deep Elf Earth Elementalist on Mar 6, 2023.
             Killed from afar by a steam dragon (19 damage)
             ... with a ball of steam
             ... on level 6 of the Dungeon.
             The game lasted 00:06:37 (4879 turns).

cforsyth the Thaumaturge (DEEE)                     Turns: 4879, Time: 00:06:38

Health: -6/41      AC:  4    Str:  5    XL:     8   Next: 58%
Magic:  14/24      EV: 12    Int: 23    God:
Gold:   347        SH:  0    Dex: 15    Spells: 26/27 levels left

rFire   . . .      SeeInvis .    k - +2 short sword (speed)
rCold   . . .      Faith    .    (no shield)
rNeg    . . .      Spirit   .    a - +0 robe
rPois   .          Reflect  .    u - +0 helmet
rElec   .          Rampage  .    (no cloak)
rCorr   .                        (no gloves)
Will    .....                    t - +0 pair of boots
Stlth   ++                       (no amulet)
HPRegen 0.26/turn                (no ring)
MPRegen 0.19/turn                (no ring)

@: no status effects
A: no striking features
a: no special abilities


You were on level 6 of the Dungeon.
You visited 1 branch of the dungeon, and saw 6 of its levels.

You collected 347 gold pieces.

Inventory:

Hand Weapons
 k - a +2 short sword of speed (weapon)
Armour
 a - a +0 robe (worn)
 t - a +0 pair of boots (worn)
 u - a +0 helmet (worn)
Wands
 h - a wand of flame (10)
 n - a wand of charming (36)
Scrolls
 c - 2 scrolls of enchant armour {unknown}
 d - 6 scrolls of teleportation {unknown}
 f - a scroll of acquirement {unknown}
 i - 2 scrolls of fog {unknown}
 j - 6 scrolls of identify {unknown}
 l - a scroll of noise {unknown}
 q - a scroll of vulnerability {unknown}
 r - a scroll of blinking {unknown}
 s - a scroll of fear {unknown}
Potions
 b - 2 potions of magic
 e - 3 potions of might
 g - 2 potions of flight {unknown}
 m - a potion of berserk rage
 o - 2 potions of curing
 p - a potion of heal wounds {unknown}
 v - a potion of cancellation {unknown}


   Skills:
 - Level 2.4 Dodging
 - Level 2.4 Stealth
 + Level 10.4 Spellcasting
 - Level 1.1 Transmutations
 + Level 9.0 Earth Magic


You had 26 spell levels left.
You knew the following spells:

 Your Spells              Type           Power      Damage    Failure   Level
a - Sandblast             Erth           100%       2d20      1%          1

Your spell library contained the following spells:

 Spells                   Type           Power      Damage    Failure   Level
 Passwall                 Tmut/Erth      29%        N/A       1%          2
 Stone Arrow              Conj/Erth      64%        3d11      2%          3
 Freeze                   Ice            48%        1d6       5%          1
 Necrotise                Necr           48%        1d6       5%          1
 Summon Small Mammal      Summ           48%        N/A       5%          1
 Petrify                  Tmut/Erth      35%        N/A       7%          4
 Call Canine Familiar     Summ           12%        N/A       16%         3
 Dazzling Flash           Conj/Hex       24%        N/A       16%         3
 Frozen Ramparts          Ice            24%        1d4       16%         3
 Hailstorm                Conj/Ice       12%        3d5       16%         3
 Summon Guardian Golem    Hex/Summ       12%        N/A       16%         3
 Vampiric Draining        Necr           12%        2d6       16%         3
 Iskenderun's Mystic Bla  Conj/Tloc      12%        2d5       47%         4
 Agony                    Necr           12%        N/A       83%         5
 Starburst                Conj/Fire      6%         6d4       100%        6


Dungeon Overview and Level Annotations

Branches:
Dungeon (6/15)
 Temple: D:4-7

Altars:

Shops:
D:2 =   D:3 :


Message History

Confirm with . or Enter, or press ? or * to list all spells.
Aiming: Sandblast (safe; 1% risk of failure)
Press: ? - help, Shift-Dir - straight line, f - gnoll
Aim: a gnoll, wielding a +0 club (severely wounded, 87% to hit)
The blast of sand hits the gnoll.
The gnoll is almost dead.
Unknown command.
Casting: Sandblast (safe; 1% risk of failure)
Confirm with . or Enter, or press ? or * to list all spells.
Aiming: Sandblast (safe; 1% risk of failure)
Press: ? - help, Shift-Dir - straight line, f/p - gnoll
Aim: a gnoll, wielding a +0 club (almost dead, 87% to hit)
The blast of sand hits the steam dragon.
The steam dragon is lightly wounded.
An ufetubus comes into view.
It was a potion of curing.
You feel better.
The ufetubus shouts!
The steam dragon bites you but does no damage.
The steam dragon claws you.
Casting: Sandblast (safe; 1% risk of failure)
Confirm with . or Enter, or press ? or * to list all spells.
Aiming: Sandblast (safe; 1% risk of failure)
Press: ? - help, Shift-Dir - straight line, f - steam dragon, p - gnoll
Aim: a steam dragon (lightly wounded, 85% to hit)
The blast of sand hits the steam dragon but does no damage.
The steam dragon is lightly wounded.
The steam dragon bites you but does no damage.
The steam dragon closely misses you. The steam dragon bites you.
The steam dragon claws you.
* * * LOW HITPOINT WARNING * * *
Casting: Sandblast (safe; 1% risk of failure)
Confirm with . or Enter, or press ? or * to list all spells.
Aiming: Sandblast (safe; 1% risk of failure)
Press: ? - help, Shift-Dir - straight line, f/p - steam dragon
Aim: a steam dragon (lightly wounded, 85% to hit)
The blast of sand hits the steam dragon!!
The steam dragon is almost dead.
The steam dragon breathes steam at you. The ball of steam hits you!!
You die...

#. #. #. ###.#
.... #..
###..#### ###
#...5gD.#
##.##
#.#.§##@#
##.#.## #..).
#.#####.###.##
#)§..
#....).## ##.#
..D...
#######.###.##
...>#.#
##.#.## #####.
##.## #. ##.##
##...##
#.....#


You could see a steam dragon (catching breath), a gnoll and an ufetubus.

Vanquished Creatures
  Maggie (D:6)
  Prince Ribbit (D:5)
  Grinder (D:4)
  Menkaure (D:5)
  A water moccasin (D:6)
  2 ogres (D:5)
  Blork the orc (D:4)
  A gnoll sergeant (D:6)
  A hound (D:6)
  An iguana (D:5)
  Natasha (thrice) (D:4)
  2 orc wizards (D:5)
  8 gnolls
  3 adders
  2 shadow imps (D:6)
  A worm (D:2)
  3 dart slugs
  3 orcs
  8 endoplasms
  2 giant cockroaches
  13 goblins
  4 hobgoblins
  11 kobolds
  4 quokkas
  5 ball pythons
  11 bats
  A frilled lizard (D:1)
  4 rats
99 creatures vanquished.

Vanquished Creatures (others)
  A demonic plant (D:6)
1 creature vanquished.

Grand Total: 100 creatures vanquished

Notes
Turn   | Place    | Note
-------+----------+-------------------------------------------
     0 | D:1      | cforsyth the Deep Elf Earth Elementalist began the quest
                  | for the Orb.
     0 | D:1      | Reached XP level 1. HP: 10/10 MP: 6/6
    94 | D:1      | Reached XP level 2. HP: 15/15 MP: 3/8
   334 | D:1      | Reached skill level 4 in Spellcasting
   532 | D:1      | Reached XP level 3. HP: 19/19 MP: 8/10
  1498 | D:2      | Found Liasyek's Jewellery Emporium.
  1691 | D:3      | Reached XP level 4. HP: 24/24 MP: 9/12
  1972 | D:3      | Found Yrenamy's Book Boutique.
  2110 | D:3      | Reached skill level 5 in Spellcasting
  2482 | D:4      | Noticed Grinder
  2489 | D:4      | Killed Grinder
  2490 | D:4      | Reached skill level 6 in Spellcasting
  2490 | D:4      | Reached skill level 5 in Earth Magic
  2490 | D:4      | Reached XP level 5. HP: 5/28 MP: 8/15
  2490 | D:4      | Reached XP level 6. HP: 5/32 MP: 9/17
  2894 | D:4      | Noticed Blork the orc
  2902 | D:4      | Killed Blork the orc
  3064 | D:4      | Noticed Natasha
  3068 | D:4      | Killed Natasha
  3122 | D:4      | Noticed Natasha
  3132 | D:4      | Killed Natasha
  3133 | D:4      | Reached skill level 7 in Spellcasting
  3501 | D:4      | Noticed Natasha
  3505 | D:4      | Killed Natasha
  3538 | D:5      | Entered Level 5 of the Dungeon
  3547 | D:5      | Noticed Prince Ribbit
  3551 | D:5      | Killed Prince Ribbit
  3552 | D:5      | Reached XP level 7. HP: 28/36 MP: 13/20
  3553 | D:5      | Reached skill level 8 in Spellcasting
  3762 | D:5      | Noticed Menkaure
  3766 | D:5      | Killed Menkaure
  4179 | D:5      | Reached skill level 9 in Spellcasting
  4179 | D:5      | Reached XP level 8. HP: 41/41 MP: 19/23
  4732 | D:6      | Noticed Maggie
  4739 | D:6      | Killed Maggie
  4740 | D:6      | Reached skill level 10 in Spellcasting
  4879 | D:6      | Killed from afar by a steam dragon

Illustrated notes

Levels and vault maps discovered:
D:1:      nzn_arrival_settlement, layout_loops_ring, minmay_split_cup_small
D:2:      layout_loops_cross, serial_shops, nicolae_shop_hallway_plus
D:3:      minmay_razor_zed, layout_rooms, serial_shops, shop
D:4:      kennysheep_the_goblin_king, layout_layer_cave, skrybe_limestone_x,
          kennysheep_generic_room_4, uniq_natasha, uniq_blork_the_orc,
          uniq_grinder
D:5:      layout_loops_ring, uniq_menkaure, uniq_prince_ribbit1
D:6:      layout_loops_corners, serial_demonic, serial_demonic_d,
          serial_demonic_g, serial_demonic_a, serial_demonic_a, uniq_maggie

Skill      XL: |  1  2  3  4  5  6  7  8 |
---------------+-------------------------+-----
Spellcasting   | 4 6 7 9 10 | 10.4
Earth Magic    | 4 5 7 8 9 |  9.0
Dodging        | |  2.4
Stealth        | |  2.4
Transmutations | |  1.1

Action                     |  1- 3 |  4- 6 |  7- 9 || total
---------------------------+-------+-------+-------++-------
  Melee: Short sword       |       |       |     8 ||     8
   Cast: Sandblast         |    47 |    65 |    36 ||   148
    Use: Potion            |       |       |     4 ||     4
 Armour: Robe              |     1 |     3 |     4 ||     8
  Dodge: Dodged            |     4 |     9 |    15 ||    28

Table legend: (Time is in decaauts)
 A = Elapsed time spent in this place.
 B = Non-inter-level travel time spent in this place.
 C = Inter-level travel time spent in this place.
 D = Time resting spent in this place.
 E = Time spent auto-exploring this place.
 F = Levels seen in this place.
 G = Mean time per level.
                   A        B        C        D        E       F      G
               +--------+--------+--------+--------+--------+-----+--------+
         Total |   4970 |   4483 |    487 |    295 |   3683 |   6 |  828.3 |
       Dungeon |   4970 |   4483 |    487 |    295 |   3683 |   6 |  828.3 |
               +--------+--------+--------+--------+--------+-----+--------+

Top non-repeatable levels by time:
     D:4: 1288 daAuts
     D:1: 1010 daAuts
     D:5: 911 daAuts
     D:2: 821 daAuts
     D:3: 739 daAuts
     D:6: 199 daAuts
